 Dungeon Crawl Stone Soup version 0.29.1-13-g9f3cf754e1 (webtiles) character file.

Game seed: 13463675010891106937

21 cheesebisquit the Magician (level 3, -2/27 HPs)
             Began as a Djinni Fire Elementalist on Jan 22, 2023.
             Slain by an adder (3 damage)
             ... on level 2 of the Dungeon.
             The game lasted 00:04:54 (1042 turns).

cheesebisquit the Magician (DjFE)                   Turns: 1042, Time: 00:04:54

Health: -2/27      AC:  2    Str:  7    XL:     3   Next: 5%
Gold:   101        EV: 12    Int: 18    God:
                   SH:  0    Dex: 13

rFire   + + .      SeeInvis .   (no weapon)
rCold   x . .      Faith    .   (no shield)
rNeg    . . .      Spirit   .   a - +0 robe
rPois   ∞          Reflect  .   (no helmet)
rElec   .          Harm     .   (no cloak)
rCorr   .          Rampage  .   (no gloves)
Will    .....                   (boots unavailable)
Stlth   ++........              (no amulet)
HPRegen 0.09/turn               b - +4 ring of slaying
MPRegen 0.00/turn               (no ring)

@: flying
A: sickness immunity, fire resistance 2, cold vulnerability 1, float, innate
caster, HP casting, extra vitality 1
a: no special abilities


You were on level 2 of the Dungeon.
You visited 1 branch of the dungeon, and saw 2 of its levels.

You collected 101 gold pieces.

Inventory:

Armour
 a - a +0 robe (worn)
Jewellery
 b - a +4 ring of slaying (left hand)
Scrolls
 c - a scroll of identify {unknown}
 e - a scroll of noise {unknown}
 j - a scroll of poison {unknown}
Potions
 d - 2 potions of cancellation {unknown}
 f - a potion of berserk rage {unknown}
 g - 2 potions of flight {unknown}
 h - a potion of mutation {unknown}
 i - a potion of heal wounds {unknown}
 k - a potion of lignification {unknown}


   Skills:
 + Level 1.1 Fighting
 - Level 2.1 Dodging
 - Level 1.5 Stealth
 * Level 3.0 Spellcasting


You couldn't memorise any spells.
You knew the following spells:

 Your Spells              Type           Power      Damage    Failure   Level
a - Foxfire               Conj/Fire      52%        2x1d6     4%          1
b - Scorch                Fire           26%        2d6       7%          2
c - Conjure Flame         Conj/Fire      13%        6-21      14%         3
d - Inner Flame           Hex/Fire       13%        N/A       14%         3
e - Flame Wave            Conj/Fire      13%        2d6       43%         4
f - Apportation           Tloc           26%        N/A       4%          1
Your spell library was empty.

Dungeon Overview and Level Annotations

Branches:
Dungeon (2/15)

Altars:

Shops:
D:1 !=


Innate Abilities, Weirdness & Mutations

You are immune to sickness and miasma.
You are immune to poison.
Your flesh is very heat resistant. (rF++)
You are vulnerable to cold. (rC-)
You float through the air rather than walking.
You learn spells naturally, not from books.
Your magical power is your life essence.
You have superior vitality. (+4 MHP)


Message History

You conjure some foxfire!
The kobold closely misses you. The rat bites you.
The adder bites you but does no damage.
The foxfire hits the adder but does no damage.
The foxfire hits the frilled lizard.
You kill the frilled lizard!
The adder bites you. The rat bites you but does no damage.
The kobold hits you but does no damage. The adder closely misses you.
The adder bites you.
Your Spellcasting skill increases to level 3!
You conjure some foxfire!
The kobold closely misses you. The rat barely misses you.
The adder barely misses you. The adder bites you.
The foxfire hits the adder.
The adder is lightly wounded.
The foxfire hits the adder.
The adder is moderately wounded.
The kobold hits you with a +0 whip. The rat closely misses you.
The adder closely misses you. x2; The adder bites you but does no damage.
You are too injured to fight recklessly!
Casting: Foxfire (safe; 4% risk of failure)
Confirm with . or Enter, or press ? or * to list all spells.
You conjure some foxfire!
The adder closely misses you. The adder barely misses you.
The adder closely misses you. The kobold hits you with a +0 whip.
The rat bites you but does no damage. The adder bites you.
The adder closely misses you. The adder misses you.
The foxfire hits the adder.
The adder is lightly wounded.
The foxfire hits the adder.
The adder is moderately wounded.
The kobold hits you with a +0 whip. The rat closely misses you.
The adder barely misses you. The adder bites you. The adder barely misses you.
The kobold hits you with a +0 whip.
* * * LOW HITPOINT WARNING * * *
The rat bites you.
* * * LOW HITPOINT WARNING * * *
The adder bites you.
* * * LOW HITPOINT WARNING * * *
The adder bites you.
* * * LOW HITPOINT WARNING * * *
The adder bites you.
You die...

#...........
####...........
$..............
...............
...............
.......†.......
......S........
#...@S......
##.SKr...... #
.........#... .
.........### #
.........# ##
.........# ..
.......... .#
.........# . #.


You could see 3 adders, a kobold and a rat.

Vanquished Creatures
  2 bats (D:1)
  2 endoplasms (D:1)
  2 giant cockroaches
  3 goblins
  2 hobgoblins (D:1)
  A quokka (D:1)
  A ball python (D:1)
  4 frilled lizards
  4 rats
21 creatures vanquished.

Vanquished Creatures (others)
  48 foxfires
48 creatures vanquished.

Grand Total: 69 creatures vanquished

Notes
Turn   | Place    | Note
-------+----------+-------------------------------------------
     0 | D:1      | cheesebisquit the Djinni Fire Elementalist began the quest
                  | for the Orb.
     0 | D:1      | cheesebisquit set off with the following spells memorised:
                  | Foxfire, Scorch, Conjure Flame, Inner Flame, Flame Wave.
     0 | D:1      | Reached XP level 1. HP: 15/15 MP: 0/0
   146 | D:1      | Found Kyreuppoi's Distillery.
   146 | D:1      | Found Kootwao's Jewellery Emporium.
   217 | D:1      | Reached XP level 2. HP: 21/22 MP: 0/0
   478 | D:1      | Reached skill level 1 in Fighting
   898 | D:2      | Found a faded altar of an unknown god.
  1034 | D:2      | Reached XP level 3. HP: 26/27 MP: 0/0
  1034 | D:2      | Learned a level 1 spell: Apportation
  1038 | D:2      | Reached skill level 3 in Spellcasting
  1042 | D:2      | HP: 1/27 [adder (2)]
  1042 | D:2      | Slain by an adder

Illustrated notes

Levels and vault maps discovered:
D:1:      nzn_arrival_water_spiral, layout_basic, serial_shops,
          nicolae_shop_waterfront, shop
D:2:      layout_rooms, basic_ecumenical_altar

Skill      XL: |  1  2  3 |
---------------+----------+-----
Fighting       | 1 |  1.1
Spellcasting   | 3 |  3.0
Dodging        | |  2.1
Stealth        | |  1.5

Action                   || total
-------------------------++-------
 Cast: Foxfire           ||    29
Armor: Robe              ||     7
Dodge: Dodged            ||    18
